 Dungeon Crawl Stone Soup version 0.31-a0-983-g7b6862f502 (webtiles) character file.

Game seed: 2606889184395869933

722 Dittersdorf the Trooper (level 7, -5/44 HPs)
             Began as a Gargoyle Fighter on Nov 2, 2023.
             Slain by Menkaure (6 damage)
             ... on level 5 of the Dungeon.
             The game lasted 00:06:03 (3893 turns).

Dittersdorf the Trooper (Gargoyle Fighter)          Turns: 3893, Time: 00:06:03

Health: -5/44      AC: 15    Str: 21    XL:     7   Next: 71%
Magic:  7/7        EV:  8    Int:  9    God:
Gold:   357        SH:  5    Dex:  9    Spells: 6/6 levels left

rFire   . . .        a - +0 flail
rCold   . . .        c - +0 buckler
rNeg    + . .        l - +1 chain mail
rPois   ∞            (no helmet)
rElec   +            t - scarf {repulsion}
rCorr   .            (no gloves)
SInv    .            (no boots)
Will    .....        (no amulet) Stlth
                     p - ring of wizardry
HPRegen 0.27/turn    (no ring)
MPRegen 0.10/turn

%: repel missiles, wizardry (x1)
@: no status effects
A: sickness immunity, AC +4, negative energy resistance 1, electricity
resistance, torment resistance 1, petrification resistance
a: no special abilities


You were on level 5 of the Dungeon.
You visited 1 branch of the dungeon, and saw 5 of its levels.
You also visited: Ossuary.

You collected 358 gold pieces.
You spent 1 gold pieces at shops.

Inventory:

Hand Weapons
 a - a +0 flail (weapon)
 s - a -3 eveningstar
Missiles
 i - 3 poisoned darts (quivered)
Armour
 c - a +0 buckler (worn)
 l - a +1 chain mail (worn)
 t - a scarf of repulsion (worn)
Jewellery
 p - a ring of wizardry (left hand)
Wands
 r - a wand of iceblast (7)
Scrolls
 f - 2 scrolls of teleportation
 h - a scroll of fear
 o - a scroll of noise {unknown}
Potions
 b - 4 potions of haste {unknown}
 d - 4 potions of might
 e - a potion of magic
 g - 4 potions of mutation {unknown}
 j - 2 potions of lignification {unknown}
 m - a potion of brilliance
 n - 2 potions of heal wounds {unknown}
 q - 2 potions of curing


   Skills:
 + Level 5.5 Fighting
 + Level 4.4 Maces & Flails
 + Level 5.5 Armour
 + Level 5.5 Shields


You had 6 spell levels left.
You didn't know any spells.
Your spell library contained the following spells:

 Spells                   Type           Power      Damage    Failure   Level
 Sandblast                Erth           0%         2d4       75%         1
 Passwall                 Tmut/Erth      0%         N/A       86%         2
 Stone Arrow              Conj/Erth      0%         3d7       97%         3
 Summon Guardian Golem    Hex/Summ       0%         N/A       97%         3
 Animate Dead             Necr           0%         N/A       100%        4
 Brom's Barrelling Bould  Conj/Erth      0%         2d3       100%        4
 Haunt                    Necr/Summ      0%         N/A       100%        7
 Orb of Destruction       Conj           0%         9d5       100%        7
 Spellforged Servitor     Conj/Summ      0%         N/A       100%        7
 Infestation              Necr           0%         N/A       100%        8


Dungeon Overview and Level Annotations

Branches:
Dungeon (5/15)            Ossuary (visited)
 Temple: D:4-7

Altars:
Uskayaw

Shops:
D:2 ?   D:3 ?   D:4 *

Annotations:
D:5 Menkaure


Innate Abilities, Weirdness & Mutations

You are immune to sickness and miasma.
Your stone body is resilient. (AC +4)
You are immune to poison.
You resist negative energy. (rN+)
You are resistant to electric shocks. (rElec)
You are resistant to unholy torment.
You are immune to petrification.


Message History

Menkaure grins.
Menkaure barely misses you.
You hit Menkaure.
Menkaure is moderately damaged.
Menkaure hits you!
You barely miss Menkaure.
Menkaure is moderately damaged.
Menkaure hits you!
You are too injured to fight recklessly!
You are too injured to fight recklessly!
You are too injured to fight recklessly!
You are too injured to fight recklessly!
You are too injured to fight recklessly!
You are too injured to fight recklessly!
You are too injured to fight recklessly!
You are too injured to fight recklessly!
You are too injured to fight recklessly!
You are too injured to fight recklessly!
You are too injured to fight recklessly!
You are too injured to fight recklessly!
You are too injured to fight recklessly!
You are too injured to fight recklessly!
You are too injured to fight recklessly!
You are too injured to fight recklessly!
You are too injured to fight recklessly!
You closely miss Menkaure.
Menkaure is moderately damaged.
Menkaure casts a spell.
Menkaure seems to speed up.
You barely miss Menkaure.
Menkaure is moderately damaged.
Menkaure hits you.
You hit Menkaure but do no damage.
Menkaure is moderately damaged.
Menkaure hits you!
* * * LOW HITPOINT WARNING * * *
You hit Menkaure.
Menkaure is heavily damaged.
Menkaure hits you.
You die...

### ..# #.# # ...
## #.##.# .. #..M.#
.# ###.##@###..#
.............# ##
###.#..#.###.....
##....###.####.#...
.....# ##.........
#..# ##!##.#..
##..# ##.## #
#.###.## #..#.##


You could see Menkaure (fast).

Vanquished Creatures
  Duvessa (D:4)
  A black bear (D:5)
  A centaur (D:5)
  Dowan (D:4)
  A jelly (D:5)
  2 hounds (D:4)
  A sleepcap (D:4)
  Jessica (D:2)
  Ijyb (D:3)
  8 mummies (Ossuary)
  4 gnolls
  6 adders
  A worm (D:2)
  2 dart slugs
  7 endoplasms
  6 giant cockroaches
  A gnoll zombie (Ossuary)
  6 goblins
  2 hobgoblins
  4 jackals (D:4)
  4 kobolds
  3 quokkas
  8 ball pythons
  2 bats
  2 hobgoblin zombies (Ossuary)
  3 kobold zombies (Ossuary)
  2 orc zombies (Ossuary)
  2 rats
83 creatures vanquished.

Notes
Turn   | Place    | Note
-------+----------+-------------------------------------------
     0 | D:1      | Dittersdorf the Gargoyle Fighter began the quest for the
                  | Orb.
     0 | D:1      | Reached XP level 1. HP: 14/14 MP: 1/1
    98 | D:1      | Reached XP level 2. HP: 19/19 MP: 2/2
   340 | D:1      | Reached XP level 3. HP: 23/23 MP: 3/3
   614 | D:2      | Noticed Jessica
   623 | D:2      | Killed Jessica
   725 | D:1      | Reached XP level 4. HP: 26/29 MP: 4/4
   846 | D:2      | Found Pulut's Magic Scroll Boutique.
  1244 | D:2      | Reached XP level 5. HP: 32/33 MP: 5/5
  1831 | D:3      | Noticed Ijyb
  1846 | D:3      | Killed Ijyb
  2059 | D:3      | Found Loluushuo's Magic Scroll Shop.
  2213 | D:4      | Found a sand-covered staircase.
  2218 | Ossuary  | Entered an ossuary
  2275 | Ossuary  | Reached XP level 6. HP: 10/39 MP: 6/6
  2744 | D:4      | Found a hide-covered altar of Uskayaw.
  2794 | D:4      | Found Ybraut's Lightly-Used Armoury.
  2819 | D:4      | Bought a -3 eveningstar for 1 gold piece
  2898 | D:4      | Noticed Dowan
  2899 | D:4      | Noticed Duvessa
  3092 | D:4      | Killed Duvessa
  3093 | D:4      | Reached skill level 5 in Fighting
  3093 | D:4      | Reached skill level 5 in Armour
  3093 | D:4      | Reached skill level 5 in Shields
  3093 | D:4      | Reached XP level 7. HP: 32/44 MP: 7/7
  3098 | D:4      | Killed Dowan
  3611 | D:5      | Entered Level 5 of the Dungeon
  3885 | D:5      | Noticed Menkaure
  3892 | D:5      | HP: 1/44 [Menkaure (14)]
  3893 | D:5      | Slain by Menkaure

Illustrated notes

Levels and vault maps discovered:
D:1:      dpeg_arrival_rhombus, layout_rooms
D:2:      wander_river, layout_loops_ring, serial_shops, shop, uniq_jessica
D:3:      layout_basic, serial_shops, nicolae_shop_rolled_up, uniq_ijyb
D:4:      layout_loops_ring, mainiacjoe_overflow_tiny_flanked, enter_ossuary_2,
          minmay_shop_damaged, kennysheep_donut, minmay_misc_feat_enclosed,
          uniq_duvessa
D:5:      layout_loops_corners, patterned_corridor, uniq_blork_the_orc,
          uniq_edmund, uniq_menkaure

Skill      XL: |  1  2  3  4  5  6  7 |
---------------+----------------------+-----
Armour         | 4 5 |  5.5
Fighting       | 4 5 |  5.5
Shields        | 4 5 |  5.5
Maces & Flails | 3 4 |  4.4

Action                     |  1- 3 |  4- 6 |  7- 9 || total
---------------------------+-------+-------+-------++-------
  Melee: Flail             |    85 |   237 |    43 ||   365
  Throw: Dart              |       |     3 |       ||     3
    Use: Scroll            |       |     8 |     2 ||    10
         Potion            |       |     1 |       ||     1
 Armour: Scale mail        |    48 |    33 |       ||    81
         Chain mail        |       |   178 |    58 ||   236
  Dodge: Dodged            |    46 |   111 |    25 ||   182
  Block: Buckler           |    22 |    50 |    13 ||    85

Table legend: (Time is in decaauts)
 A = Elapsed time spent in this place.
 B = Non-inter-level travel time spent in this place.
 C = Inter-level travel time spent in this place.
 D = Time resting spent in this place.
 E = Time spent auto-exploring this place.
 F = Levels seen in this place.
 G = Mean time per level.
                   A        B        C        D        E       F      G
               +--------+--------+--------+--------+--------+-----+--------+
         Total |   4033 |   3899 |    134 |    553 |   2420 |   6 |  672.2 |
       Dungeon |   3563 |   3429 |    134 |    373 |   2303 |   5 |  712.6 |
       Ossuary |    469 |    469 |      0 |    180 |    117 |   1 |  469.0 |
               +--------+--------+--------+--------+--------+-----+--------+

Top non-repeatable levels by time:
     D:4: 986 daAuts
     D:2: 799 daAuts
     D:1: 791 daAuts
     D:3: 743 daAuts
 Ossuary: 469 daAuts
     D:5: 244 daAuts
